 Dungeon Crawl Stone Soup version 0.24.0-1-gfbc8707122 (webtiles) character file.

Game seed: 1229182518947151989, levelgen mode: deterministic

268 Conn the Sneak (level 6, -9/37 HPs)
             Began as an Octopode Fire Elementalist on Oct 26, 2019.
             Mangled by an orc warrior
             ... wielding a +0 battleaxe
              (21 damage)
             ... on level 4 of the Dungeon.
             The game lasted 00:05:49 (3872 turns).

Conn the Sneak (Octopode Fire Elementalist)         Turns: 3872, Time: 00:05:52

Health: -9/37      AC:  9    Str:  7    XL:     6   Next: 21%
Magic:  7/10       EV: 13    Int: 20    God:
Gold:   111        SH:  0    Dex: 12    Spells: 7/11 levels left

rFire    . . .     SeeInvis .   m - +2 mace (protect)
rCold    . . .     Gourm    .   (no shield)
rNeg     . . .     Faith    .   p - +1 hat
rPois    .         Spirit   .   (no amulet)
rElec    .         Reflect  .   (no ring)
rCorr    .         Harm     .   (no ring)
MR       .....                  (no ring)
Stlth    ++++......             (no ring)
HPRegen  0.12/turn              (no ring)
MPRegen  0.12/turn              (no ring)
                                (no ring)
                                (no ring)

@: protection aura
A: almost no armour, stealthy swim, amphibious, 8 rings, constrict 8, camouflage
1, gelatinous body 1
a: no special abilities


You were on level 4 of the Dungeon.
You were not hungry.

You visited 1 branch of the dungeon, and saw 4 of its levels.

You collected 111 gold pieces.

Inventory:

Hand Weapons
 d - a +0 dagger
 m - a +2 mace of protection (weapon)
 n - a +0 short sword
Missiles
 r - 11 poisoned darts (quivered)
Armour
 p - a +1 hat (worn)
Scrolls
 c - a scroll of blinking {unknown}
 e - a scroll of enchant weapon {unknown}
 g - a scroll of immolation {unknown}
 h - 2 scrolls of fear {unknown}
 i - 2 scrolls of identify {unknown}
 k - 4 scrolls of teleportation {unknown}
 l - a scroll of enchant armour {unknown}
 q - a scroll of fog {unknown}
Potions
 a - a potion of agility {unknown}
 f - a potion of heal wounds {unknown}
 j - a potion of haste {unknown}
Comestibles
 b - 4 rations


   Skills:
 + Level 0.9 Fighting
 + Level 0.6 Short Blades
 + Level 1.6 Maces & Flails
 + Level 0.2 Throwing
 + Level 2.5 Dodging
 + Level 4.3 Stealth
 + Level 0.4 Unarmed Combat
 * Level 3.2 Spellcasting
 * Level 2.5 Conjurations
 + Level 3.7 Fire Magic


You had 7 spell levels left.
You knew the following spells:

 Your Spells              Type           Power        Failure   Level  Hunger
a - Flame Tongue          Conj/Fire      ###..        3%          1    None
b - Conjure Flame         Conj/Fire      ###.....     12%         3    ###....

Your spell library contained the following spells:

 Spells                   Type           Power        Failure   Level  Hunger
 Throw Flame              Conj/Fire      ###...       6%          2    ##.....
 Inner Flame              Hex/Fire       ##......     19%         3    ###....
 Sticky Flame             Conj/Fire      ###.....     36%         4    ####...
 Fireball                 Conj/Fire      ###.......   71%         5    ######.


Dungeon Overview and Level Annotations

Branches:
Dungeon (4/15)
 Temple: D:4-7

Altars:
Ru


Innate Abilities, Weirdness & Mutations

You cannot wear most types of armour.
You are very stealthy in the water. (Stealth+)
You are amphibious.
You can wear up to eight rings at the same time.
You can use your tentacles to constrict eight enemies at once.
Your skin changes colour to match your surroundings (Stealth+).
Your rubbery body absorbs attacks. (AC +1, EV +1)


Message History

The orc wizard is severely wounded.
The orc wizard closely misses you.
You barely miss the orc wizard. Your grab misses the orc wizard.
Your squeeze misses the orc wizard.
The orc wizard is severely wounded.
The orc warrior hits you with a +0 battleaxe!
The orc wizard hits you but does no damage.
You hit the orc wizard. You grab the orc wizard.
The orc wizard is almost dead.
You constrict the orc wizard, but do no damage.
The orc warrior hits you with a +0 battleaxe!
The orc wizard hits you but does no damage.
The orc wizard closely misses you.
You hit the orc warrior. You grab the orc warrior. You squeeze the orc warrior!
The orc warrior is heavily wounded.
You constrict the orc warrior, but do no damage.
You constrict the orc wizard.
The orc warrior hits you with a +0 battleaxe!!
Ouch! That really hurt!
You die...

.........#
.((..... .......
..... .(.. (o# #.
#o## #. #@o##
#.####..####
#.##.......#
#.##.......#
#.##.......#
#(.........#
#..#.......#
#..#.......#
#######.##########


You could see an orc warrior, an orc wizard and an orc.

Vanquished Creatures
  An ogre (D:4)
  A worker ant (D:4)
  6 adders
  An ooze (D:1)
  2 worms
  A dart slug (D:3)
  7 leopard geckos
  12 orcs
  2 giant cockroaches (D:1)
  5 goblins
  2 hobgoblins
  2 jackals (D:3)
  5 kobolds
  3 quokkas (D:2)
  2 ball pythons
  9 bats
  5 frilled lizards
  9 rats
75 creatures vanquished.

Notes
Turn   | Place    | Note
-------+----------+-------------------------------------------
     0 | D:1      | Conn the Octopode Fire Elementalist began the quest for the
                  | Orb.
     0 | D:1      | Reached XP level 1. HP: 11/11 MP: 3/3
   131 | D:1      | Reached XP level 2. HP: 6/17 MP: 0/5
  1045 | D:1      | Reached XP level 3. HP: 15/21 MP: 6/6
  1053 | D:1      | Learned a level 3 spell: Conjure Flame
  1749 | D:2      | Reached skill level 3 in Stealth
  2330 | D:2      | Reached XP level 4. HP: 27/27 MP: 4/7
  2675 | D:3      | Found a sacrificial altar of Ru.
  2932 | D:3      | Reached XP level 5. HP: 32/32 MP: 9/9
  3668 | D:4      | Noticed an ogre
  3737 | D:4      | Killed an ogre
  3737 | D:4      | Reached skill level 1 in Maces & Flails
  3737 | D:4      | Reached skill level 4 in Stealth
  3737 | D:4      | Reached XP level 6. HP: 37/37 MP: 0/10
  3850 | D:4      | Noticed an orc warrior
  3853 | D:4      | Identified the +3 ring mail of a treasure trove {rF+ rCorr
                  | Str+4 Stlth-}
  3872 | D:4      | Mangled by an orc warrior

Levels and vault maps discovered:
D:1:      nzn_arrival_crosshair, layout_basic
D:2:      layout_basic, minmay_tromino_v7
D:3:      layout_basic, first_ration, serial_rivers,
          chequers_serial_rivers_room_a, chequers_serial_rivers_micro_b,
          chequers_serial_rivers_micro_a, chequers_serial_rivers_room_b,
          chequers_serial_rivers_small_a, nicolae_ru_awakened_eye
D:4:      old_forge, layout_rooms, overflow_temple_1_default,
          kennysheep_cross_bottleneck, uniq_crazy_yiuf_cottage

Skill      XL: |  1  2  3  4  5 |
---------------+----------------+-----
Stealth        | 3 4 |  4.3
Spellcasting   | 3 |  3.2
Conjurations   | 2 |  2.5
Maces & Flails | 1 |  1.6
Fighting       | |  0.9
Short Blades   | |  0.6
Throwing       | |  0.2
Dodging        | |  2.5
Unarmed Combat | |  0.4
Fire Magic     | |  3.7

Action                   |  1- 3 |  4- 6 || total
-------------------------+-------+-------++-------
Melee: Unarmed           |    25 |       ||    25
       Constrict         |    12 |    24 ||    36
       Tentacles         |     6 |     8 ||    14
       Dagger            |    20 |     4 ||    24
       Mace              |       |    75 ||    75
Throw: Dart              |       |    12 ||    12
 Cast: Flame Tongue      |    36 |    11 ||    47
       Conjure Flame     |       |     2 ||     2
 Stab: Sleeping          |     4 |    10 ||    14
  Eat: Chunk             |     4 |     6 ||    10
Armor: Skin              |     7 |    17 ||    24
Dodge: Dodged            |    50 |    65 ||   115
